AoeStats
← Wiston

Lombardia

508768033Analyzed
4v4 RM · 10d ago on Sep 24, 2026· 25m 23s· 8 players
Game mode
Random Map
Map size
Large (8 player)
Population
200
Speed
Normal
Resources
Standard
Victory
Conquest
Starting age
Dark Age
Ending age
Imperial Age
RankedLock teamsTeams togetherTeam positionsShared explorationLock speedFull tech treeHidden civsTurbo modeCheats
Victory
Defeat
🇨🇱 Vikings · Chile
1120
+9
🇨🇱 Varangians · Chile
1079
+11
🇨🇱 Danes · Chile
996
+13
🇦🇷 Saxons · Argentina
948
+15
🇺🇸 Koreans · United States
978
-13
🇺🇸 Huns · United States
956
-12
🇵🇪 Danes · Peru
945
-12
🇵🇪 Persians · Peru
932
-11
Jan
10:02 Feudal Age
14:57 Castle Age
14:53 Stone Mining
14:55 Gold Mining
14:53 Double-Bit Axe
14:49 Horse Collar
19:11 Bow Saw
VKVendetta
9:26 Loom
12:30 Feudal Age
23:58 Castle Age
22:08 Double-Bit Axe
22:34 Stone Mining
24:40 Wheelbarrow
24:44 Pikeman
25:25 Squires
25:21 Town Watch
ඞ BatiCapibara
9:06 Loom
11:20 Feudal Age
9:35 Loom
15:34 Castle Age
13:35 Double-Bit Axe
21:09 Wheelbarrow
21:48 Gold Mining
24:55 Hand Cart
25:22 Horse Collar
juanygato
9:38 Loom
13:08 Feudal Age
16:06 Horse Collar
16:19 Double-Bit Axe
22:54 Castle Age
Wiston
10:23 Feudal Age
10:55 Loom
11:33 Double-Bit Axe
11:50 Horse Collar
17:59 Castle Age
18:18 Wheelbarrow
20:42 Heavy Plow
20:40 Gold Mining
20:42 Stone Mining
21:04 Bow Saw
21:27 Town Watch
22:28 Gambesons
22:48 Squires
23:46 Forging
23:36 Scale Mail Armor
Zeysh
10:35 Feudal Age
11:33 Loom
14:34 Castle Age
12:33 Double-Bit Axe
15:05 Horse Collar
18:43 Wheelbarrow
21:49 Forging
21:48 Scale Barding Armor
22:48 Husbandry
22:58 Bloodlines
23:31 Gold Mining
23:33 Stone Mining
23:33 Town Watch
ANTILUKA
3:34 Loom
11:20 Feudal Age
11:46 Double-Bit Axe
18:45 Castle Age
19:02 Forging
20:01 Bow Saw
21:13 Iron Casting
23:42 Squires
24:14 Scale Mail Armor
MrTulio007
6:59 Loom
9:59 Feudal Age
23:35 Castle Age
22:59 Scale Barding Armor
23:05 Forging
23:45 Town Watch
Connection lost

Rejoining the realm…

Still unreachable

The connection could not be restored.

Session expired

The server has moved on; the page needs a fresh start.